[Event "Gibraltar Challengers B 2019"]
[Site "Caleta"]
[Date "2019.01.30"]
[Round "5"]
[White "Diaz Mino, Daniel"]
[Black "Cramling Bellon, Anna"]
[Result "1/2-1/2"]
[ECO "B22"]
[WhiteElo "1769"]
[BlackElo "2025"]
[Annotator "NA RC"]
[PlyCount "95"]
[EventDate "2019.01.18"]
[EventType "swiss"]
[EventCountry "GGB"]
[SourceTitle "playchess.com"]
[Source "ChessBase"]
[SourceQuality "1"]
[TimeControl "6600+10"]

1. e4 c5 2. d4 $146 ({Predecessor:} 2. Nf3 e6 3. c3 Nf6 4. e5 Nd5 5. d4 (5. g3 Nc6 6. Bg2 Be7 7. O-O O-O 8. d4 cxd4 9. cxd4 {½-½ (31) Rozentalis,E (2557)-Westerberg,J (2488) Gothenburg 2016}) 5... cxd4 {½-½ (24) Vachier Lagrave,M (2789)-Caruana,F (2816) Leuven 2018}) 2... cxd4 3. c3 Nf6 4. e5 Nd5 5. cxd4 e6 6. Nf3 d6 7. g3 {[%emt 0:01:17] B22: Sicilian: 2 c3} (7. Bc4 Nc6 8. O-O Be7 9. Qe2 O-O 10. a3 Bd7 11. exd6 Bxd6 12. Nc3 Nce7 13. Ne4 Bc6 14. Ne5 Rc8 15. Rd1 Bb8 16. Ng5 Be8 17. Bd3 Nf6 18. Ngf3 Ned5 19. Bd2 a6 20. Rac1 Rxc1 21. Rxc1 Qb6 22. Nc4 Qd8 23. Nce5 Qb6 24. Nc4 Qd8 {½-½ (24) Vachier Lagrave,M (2789)-Caruana,F (2816) Leuven 2018}) 7... Nc6 8. Bg2 Be7 9. O-O O-O 10. b3 ({Predecessor:} 10. exd6 Qxd6 11. Nc3 Rd8 12. Re1 Bd7 13. Ng5 h6 14. Nge4 {½-½ (31) Rozentalis,E (2557)-Westerberg,J (2488) Gothenburg 2016}) 10... Qc7 11. Bb2 Rd8 12. Qe2 dxe5 13. dxe5 Ndb4 14. Rd1 b6 15. Nbd2 Ba6 16. Qe4 Bd3 (16... Nd3 $17 17. Bd4 Rac8) 17. Qf4 Be2 18. Rdc1 Qd7 19. Qe3 $1 Bxf3 20. Nxf3 Rac8 (20... Bc5 $5 21. Qe4 Qd3 $15) 21. Qe2 Qd3 22. Bf1 Bc5 23. Qxd3 Nxd3 24. Bxd3 Rxd3 25. Kg2 h6 26. Rd1 Rcd8 27. Rxd3 Rxd3 28. Rc1 a5 29. Bc3 Nb4 30. Bxb4 axb4 31. Rc2 Kf8 32. Rd2 Rxd2 33. Nxd2 Ke7 34. f4 f6 35. Kf3 f5 36. Ke2 Kd7 37. Nf3 Kc6 38. Kd3 Kd5 39. Ne1 h5 40. Nf3 Bf2 41. Nd2 b5 42. Nf3 Bb6 43. Nd2 Bd8 44. Nf3 Bb6 45. Ne1 $11 Bg1 46. Nf3 Bf2 47. Ke2 Bc5 48. Kd3 {[%emt 0:00:01] Kxe5 [%emt 00:00:17]} 1/2-1/2